 Dungeon Crawl Stone Soup version 0.16-a0-331-g39fd2ee (webtiles) character file.

19 PolkaDot the Caller (level 2, -1/19 HPs)
             Began as a Vampire Summoner on Sept 7, 2014.
             Slain by an adder (5 damage)
             ... on Level 2 of the Dungeon.
             The game lasted 00:03:38 (1205 turns).

PolkaDot the Caller (Vampire Summoner)              Turns: 1205, Time: 00:03:38

HP  -1/19        AC  3     Str  7      XL: 2   Next: 55%
MP   3/4         EV 12     Int 18      God:
Gold 17          SH  0     Dex 14      Spells:  2 memorised,  2 levels left

rFire  . . .     SeeInvis +     g - +2 whip (venom)
rCold  + . .     Clarity  .     a - +0 robe
rNeg   + . .     rCorr    .     (no shield)
rPois  .         rRot     .     (no helmet)
rElec  .         Spirit   .     (no cloak)
SustAb .         Warding  +     (no gloves)
rMut   .         Stasis   .     c - +0 pair of boots
Gourm  .                        h - amulet of warding
MR     .....                    k - +1 ring of intelligence
                                f - ring of flight

@: lethally poisoned, regenerating quickly, not resistant to hostile
enchantments, unstealthy
A: fangs 3, see invisible, cold resistance 1, unbreathing
a: Evoke Flight


You were on level 2 of the Dungeon.
You were full.

You visited 1 branch of the dungeon, and saw 2 of its levels.

You collected 17 gold pieces.

Inventory:

Hand weapons
 g - a +2 whip of venom (weapon)
Armour
 a - a +0 robe (worn)
 c - a +0 pair of boots (worn)
Scrolls
 d - a scroll of fog {unknown}
 e - a scroll of noise {unknown}
 j - 3 scrolls of enchant weapon {unknown}
 l - a scroll of fear {unknown}
 m - a scroll of enchant armour {unknown}
Jewellery
 f - a ring of flight (left hand)
 h - an amulet of warding (around neck)
 k - a +1 ring of intelligence (right hand)
Books
 b - a book of Callings

   Spells                             Type                      Level
   *Summon Small Mammal               Summoning                    1
   *Call Imp                          Summoning                    2
   Call Canine Familiar               Summoning                    3
   Summon Guardian Golem              Hexes/Summoning              4
   Summon Lightning Spire             Summoning/Air                4
   Summon Ice Beast                   Ice/Summoning                4


   Skills:
 - Level 2.1 Dodging
 - Level 3.0 Stealth
 - Level 2.0 Spellcasting
 * Level 4.7 Summonings


You had 2 spell levels left.
You knew the following spells:

 Your Spells              Type           Power        Failure   Level  Hunger
a - Summon Small Mammal   Summ           ###.         2%          1    #......
s - Call Imp              Summ           ###.....     4%          2    ##.....


Dungeon Overview and Level Annotations

Branches:
Dungeon (2/15)

Altars:


Innate Abilities, Weirdness & Mutations

Your natural rate of healing is unusually fast.
You have razor-sharp teeth.
You have supernaturally acute eyesight.
You can survive without breathing.
Your flesh is cold resistant.


Message History

* * * LOW HITPOINT WARNING * * *
The adder barely misses you.
You barely miss the adder.
The adder is moderately wounded.
The adder closely misses you.
You closely miss the adder.
The adder is heavily wounded.
The adder closely misses you. The adder bites you.
* * * LOW HITPOINT WARNING * * *
You are more poisoned.
The adder poisons you!
Drink which item? (? for menu, Esc to quit)
You feel resistant to cold.
You feel fantastic!
It was a potion of beneficial mutation.
You feel sick. The adder bites you.
* * * LOW HITPOINT WARNING * * *
Casting: Summon Small Mammal
Confirm with . or Enter, or press ? or * to list all spells.
You feel sick. The adder bites you.
You die...

#.......#
.g....# . ....#
... #...# ....#
##.# .......#.r#
#.<.#
.#..#.#.#####
.........grS@#
.#....#.###r...#
........# ######
....##..# #..
#..# .. #..#
##.. #.# .


You could see an adder, a goblin, a rat and a friendly quokka.

Vanquished Creatures
  A ball python (D:1)
  2 hobgoblins (D:1)
  A bat (D:1)
  2 giant geckos (D:1)
  2 giant newts (D:1)
  5 goblins (D:1)
  3 kobolds (D:1)
  3 rats
19 creatures vanquished.

Vanquished Creatures (collateral kills)
  A kobold (D:1)
1 creature vanquished.

Grand Total: 20 creatures vanquished

Notes
Turn   | Place    | Note
--------------------------------------------------------------
     0 | D:1      | PolkaDot, the Vampire Summoner, began the quest for the Orb.
     0 | D:1      | Reached XP level 1. HP: 13/13 MP: 3/3
   467 | D:1      | Reached XP level 2. HP: 14/19 MP: 4/4
  1177 | D:1      | Learned a level 2 spell: Call Imp
  1203 | D:2      | Gained mutation: Your flesh is cold resistant. [potion of beneficial mutation]
  1205 | D:2      | Slain by an adder

Action                   || total
-------------------------++-------
Melee: Mace              ||    20
       Whip              ||    33
       Unarmed           ||     3
 Cast: Summon Small Mamm ||     3
  Use: Potion            ||     2
 Stab: Sleeping          ||     3
  Eat: Corpse            ||     7
